 Dungeon Crawl Stone Soup version 0.30-a0-691-g754fce4c43 (webtiles) character file.

Game seed: 3610847129307051157

95 kae the Insei (level 4, -1/32 HPs)
             Began as a Demonspawn Transmuter on Jan 19, 2023.
             Slain by Grinder (2 damage)
             ... on level 3 of the Dungeon.
             The game lasted 00:02:41 (1873 turns).

kae the Insei (Demonspawn Transmuter)               Turns: 1873, Time: 00:02:41

Health: -1/32      AC:  2    Str: 11    XL:     4   Next: 39%
Magic:  7/8        EV: 12    Int: 18    God:
Gold:   81         SH:  0    Dex: 13    Spells: 2/8 levels left

rFire   . . .      SeeInvis .      - Unarmed
rCold   . . .      Faith    .    (no shield)
rNeg    . . .      Spirit   .    a - +0 robe
rPois   +          Reflect  .    (no helmet)
rElec   .          Harm     .    (no cloak)
rCorr   .          Rampage  .    (no gloves)
Will    .....                    (no boots)
Stlth   +                        (no amulet)
HPRegen 0.25/turn                P - ring of poison resistance
MPRegen 0.11/turn                (no ring)

@: no status effects
A: big brain 1
a: no special abilities


You were on level 3 of the Dungeon.
You visited 1 branch of the dungeon, and saw 3 of its levels.

You collected 81 gold pieces.


Innate Abilities, Weirdness & Mutations

You have an unusually large brain. (Int +2)


   Skills:
 - Level 1.0 Fighting
 - Level 1.7 Dodging
 + Level 3.3 Unarmed Combat
 + Level 2.7 Spellcasting
 * Level 3.2 Transmutations
 + Level 0.0 Poison Magic


You had 2 spell levels left.
You knew the following spells:

 Your Spells              Type           Power      Damage    Failure   Level
a - Beastly Appendage     Tmut           28%        N/A       4%          1
b - Wereblood             Tmut           14%        N/A       7%          2
c - Spider Form           Tmut/Pois      8%         N/A       26%         3

Your spell library contained the following spells:

 Spells                   Type           Power      Damage    Failure   Level
 Dazzling Flash           Conj/Hex       4%         N/A       45%         3
 Ice Form                 Ice/Tmut       8%         N/A       65%         4
 Iskenderun's Mystic Bla  Conj/Tloc      2%         2d3       86%         4
 Starburst                Conj/Fire      1%         6d3       100%        6

Inventory:

Missiles
 d - 25 stones
 f - 3 javelins
Armour
 a - a +0 robe (worn)
Magical Staves
 j - a staff of poison {!a}
   (You found it on level 1 of the Dungeon)
Jewellery
 P - a ring of poison resistance (left hand)
   (You found it on level 2 of the Dungeon)
Scrolls
 b - a scroll of identify {@r1}
Potions
 e - 3 potions of brilliance

Dungeon Overview and Level Annotations

Branches:
Dungeon (3/15) Zot: 16121

Altars:

Annotations:
D:3 Grinder

#.......# #...#
# #.#.....#
#...# #.#...†.#
##### #.+.....#
.. ###.....#
... #.....#
.... #.....#
.....
###.#####......
#....@5......
#######......
..... .... ###


You could see Grinder (very poisoned).


Message History

A ball python is nearby!
A ball python is nearby!
Casting: Beastly Appendage (safe; 4% risk of failure)
Confirm with . or Enter, or press ? or * to list all spells.
You grow a pair of large bovine horns.
Your feet morph into talons. 😎 MP[-1]
You lost 1 mp, and now have 7/8 mp.
There is an open door here.
A ball python is nearby!
The helpless ball python fails to defend itself.
You hit the ball python.
You kill the ball python!
Your transformation is almost over.
Your horns disappear.
Your talons disappear.
Key pressed, stopping explore.
As you open the door, it creaks loudly!
Grinder comes into view.
Grinder says, "There's only one good use for a tongue: cutting it out." 😎 MP[+1]
Your mp is fully restored (8).
Grinder is nearby!
Grinder is nearby!
Unknown command.
Casting: Beastly Appendage (safe; 4% risk of failure)
Confirm with . or Enter, or press ? or * to list all spells.
The spell is quite dangerous to miscast (26% risk of failure)!
Continue anyway? [Y]es or [N]o only, please.
The spell is quite dangerous to miscast (26% risk of failure)!
Continue anyway?
You turn into a venomous arachnid creature.
Your +0 robe melds into your body. 😎 MP[-3]
You lost 3 mp, and now have 5/8 mp.
You hit Grinder but do no damage. Grinder gestures at you.
You suddenly lose the ability to move!
Grinder gestures at you. Pain shoots through your body! Grinder hits you.
You writhe in agony.
Your transformation is almost over.
Grinder hits you.
You writhe in agony.
You can move again. 😮 HP[-12]
You take 12 damage, and now have 20/32 hp.
MASSIVE DAMAGE!! (PAUSE)
You barely miss Grinder. Grinder completely misses you.
Unknown command.
You hit Grinder.
Grinder grins, showing sharp teeth.
Grinder barely misses you.
Unknown command.
You hit Grinder but do no damage.
Grinder is poisoned.
Grinder gestures at you.
Pain shoots through your body! 😮 HP[-2] MP[+1]
You take 2 damage, and now have 18/32 hp.
Unknown command.
You hit Grinder.
Grinder looks as sick as possible!
Grinder barely misses you.
Unknown command.
You barely miss Grinder.
Grinder misses you. 😮 HP[+1] Unknown command.
You hit Grinder. Grinder misses you.
Unknown command.
You hit Grinder but do no damage.
Grinder says, "DUCK!"
Grinder gestures at you.
You barely resist. You hit Grinder.
Grinder says, "At least Makhleb appreciates what I'm doing."
Grinder gestures at you.
You suddenly lose the ability to move!
Your transformation has ended.
Your +0 robe unmelds from your body.
Grinder gestures at you. Pain shoots through your body!
* * * LOW HITPOINT WARNING * * *
Grinder gestures at you. Pain shoots through your body!
* * * LOW HITPOINT WARNING * * *
Grinder hits you but does no damage.
You can move again. 😱 HP[-17]
You take 17 damage, and now have 2/32 hp.
MASSIVE DAMAGE!! (PAUSE) It was a potion of curing.
You feel better. Grinder hits you.
* * * LOW HITPOINT WARNING * * *
You writhe in agony.
* * * LOW HITPOINT WARNING * * *
😱 HP[-1] MP[+1]
You take 1 damage, and now have 1/32 hp.
Unknown command.
Unknown command.
You aren't carrying any items that you can evoke.
Unknown command.
Okay, then.
Okay, then.
You hit Grinder. Grinder hits you.
* * * LOW HITPOINT WARNING * * *
You writhe in agony.
You die...

Skill      XL: |  1  2  3 |
---------------+----------+-----
Transmutations | 2 3 |  3.2
Unarmed Combat | 3 |  3.3
Fighting       | |  1.0
Dodging        | |  1.7
Spellcasting   | |  2.7

Action                   |  1- 3 |  4- 6 || total
-------------------------+-------+-------++-------
Melee: Unarmed           |    77 |    18 ||    95
       Headbutt          |     6 |       ||     6
       Kick              |    17 |     2 ||    19
 Cast: Beastly Appendage |    15 |     5 ||    20
       Spider Form       |     1 |     1 ||     2
  Use: Scroll            |     6 |     1 ||     7
       Potion            |     2 |     1 ||     3
 Stab: Sleeping          |     2 |     1 ||     3
Armor: Robe              |    14 |     1 ||    15
       Skin              |     1 |       ||     1
Dodge: Dodged            |    56 |     9 ||    65

Levels and vault maps discovered:
D:1:      psy_arrival_conway, layout_rooms
D:2:      layout_basic, st_stairs_12, uniq_natasha
D:3:      layout_basic, nicolae_overflow_ecumenical_swirl,
          shapermc_ecumenical_altar_acropolis, saegor_snake_ambush, uniq_grinder

Notes
Turn   | Place    | Note
-------+----------+-------------------------------------------
     0 | D:1      | kae the Demonspawn Transmuter began the quest for the Orb.
     0 | D:1      | Reached XP level 1. HP: 15/15 MP: 3/3
     0 | D:1      | magus.rc [v1.11.3]
    58 | D:1      | Reached skill level 2 in Transmutations
   161 | D:1      | Gained mutation: You have an unusually large brain. (Int
                  | +2) [demonic ancestry]
   161 | D:1      | Reached XP level 2. HP: 17/21 MP: 3/5
   206 | D:1      | Learned a level 2 spell: Wereblood
   640 | D:2      | Reached skill level 3 in Unarmed Combat
   678 | D:2      | Reached XP level 3. HP: 19/26 MP: 4/6
   682 | D:2      | Learned a level 3 spell: Spider Form
   919 | D:2      | You pick up a book of Spectacle and begin reading...
   919 | D:2      | You add the spells Dazzling Flash, Iskenderun's Mystic
                  | Blast and Starburst to your library.
  1028 | D:2      | Noticed Natasha
  1034 | D:2      | Killed Natasha
  1035 | D:2      | Reached skill level 3 in Transmutations
  1193 | D:2      | HP: 6/26 [hobgoblin (5)]
  1197 | D:2      | Reached XP level 4. HP: 12/32 MP: 0/8
  1854 | D:3      | Noticed Grinder
  1857 | D:3      | Paralysed by Grinder for 3 turns
  1868 | D:3      | Paralysed by Grinder for 3 turns
  1869 | D:3      | HP: 7/32 [Grinder/nerve-wracking pain (13)]
  1870 | D:3      | HP: 2/32 [Grinder/nerve-wracking pain (5)]
  1873 | D:3      | Slain by Grinder

Vanquished Creatures
  An iguana (D:2)
  Natasha (D:2)
  4 dart slugs
  4 endoplasms
  2 giant cockroaches
  A hobgoblin (D:2)
  2 kobolds (D:1)
  4 quokkas
  3 ball pythons
  3 bats
  5 frilled lizards
  3 goblins (D:1)
  5 rats
38 creatures vanquished.

Table legend:
 A = Non-vault XP
 B = Vault XP
 C = Vault XP percentage of total XP
 D = Non-vault monster count
 E = Vault monster count
 F = Vault count percentage of total count
                 A         B        C        D         E       F
            +---------+---------+-------+---------+---------+-------
      Total |      99 |      37 |  27.2 |      36 |       2 |   5.3
            +---------+---------+-------+---------+---------+-------
        D:1 |      27 |       0 |   0.0 |      16 |       0 |   0.0
        D:2 |      69 |      37 |  34.9 |      18 |       2 |  10.0
        D:3 |       3 |       0 |   0.0 |       2 |       0 |   0.0
            +---------+---------+-------+---------+---------+-------

Illustrated notes

Table legend:
 A = Kills in this place as a percentage of kills in entire the game.
 B = Kills by you in this place as a percentage of kills by you in the entire game.
 C = Kills by friends in this place as a percentage of kills by friends in the entire game.
 D = Other kills in this place as a percentage of other kills in the entire game.
 E = Experience gained in this place as a percentage of experience gained in the entire game.
 F = Experience gained in this place divided by the number of levels of this place that you have seen.
                   A       B       C       D       E      F
               +-------+-------+-------+-------+-------+----------------------
         Total | 100.0 | 100.0 |   N/A |   N/A | 100.0 |  45.3
       Dungeon | 100.0 | 100.0 |   N/A |   N/A | 100.0 |  45.3
               +-------+-------+-------+-------+-------+----------------------

Table legend: (Time is in decaauts)
 A = Elapsed time spent in this place.
 B = Non-inter-level travel time spent in this place.
 C = Inter-level travel time spent in this place.
 D = Time resting spent in this place.
 E = Time spent auto-exploring this place.
 F = Levels seen in this place.
 G = Mean time per level.
                   A        B        C        D        E       F      G
               +--------+--------+--------+--------+--------+-----+--------+
         Total |   1877 |   1847 |     30 |    124 |   1424 |   3 |  625.7 |
       Dungeon |   1877 |   1847 |     30 |    124 |   1424 |   3 |  625.7 |
               +--------+--------+--------+--------+--------+-----+--------+

Top non-repeatable levels by time:
     D:2: 1078 daAuts
     D:1: 577 daAuts
     D:3: 221 daAuts
